 Dungeon Crawl Stone Soup version 0.21.1-1-g345015fe64 (webtiles) character file.

47 Kohma the Grave Robber (level 3, 0/28 HPs)
             Began as a Deep Dwarf Necromancer on June 9, 2018.
             Slain by a gnoll
             ... wielding a +0 flail
              (5 damage)
             ... on level 2 of the Dungeon.
             The game lasted 00:06:39 (1400 turns).

Kohma the Grave Robber (Deep Dwarf Necromancer)     Turns: 1400, Time: 00:06:40

Health: 0/28       AC:  2    Str: 12    XL:     3   Next: 48%
Magic:  3/6        EV: 13    Int: 15    God:
Gold:   57         SH:  0    Dex: 13    Spells: 1/6 levels left

rFire    . . .     SeeInvis .   g - +0 whip
rCold    . . .     Gourm    .   (no shield)
rNeg     . . .     Faith    .   d - +0 robe
rPois    .         Spirit   .   (no helmet)
rElec    .         Reflect  .   (no cloak)
rCorr    .         Harm     .   (no gloves)
MR       .....                  (no boots)
Stlth    ++........             (no amulet)
HPRegen  0.00/turn              (no ring)
MPRegen  0.10/turn              (no ring)

@: non-regenerating
A: damage resistance, heal wounds, sense surroundings 1, no regeneration
a: Heal Wounds


You were on level 2 of the Dungeon.
You were not hungry.

You visited 1 branch of the dungeon, and saw 3 of its levels.

You collected 57 gold pieces.

Inventory:

Hand Weapons
 e - a +0 dagger
 g - a +0 whip (weapon)
Missiles
 l - 36 bolts
Armour
 d - a +0 robe (worn)
Scrolls
 f - 2 scrolls of teleportation {unknown}
 i - 5 scrolls of identify {unknown}
 j - a scroll of fog {unknown}
 m - a scroll of fear {unknown}
 n - a scroll of enchant armour {unknown}
Potions
 h - a potion of degeneration {unknown}
 k - a potion of cancellation {unknown}
 o - a potion of flight {unknown}
 p - a potion of haste {unknown}
Books
 b - a book of Necromancy

   Spells                             Type                      Level
   a - Pain                           Necromancy                   1
   b - Animate Skeleton               Necromancy                   1
   c - Vampiric Draining              Necromancy                   3
   d - Regeneration                   Charms/Necromancy            3
   e - Animate Dead                   Necromancy                   4
   f - Borgnjor's Vile Clutch         Necromancy/Earth             5
Comestibles
 c - 3 rations


   Skills:
 + Level 2.8 Dodging
 - Level 2.7 Stealth
 + Level 2.2 Spellcasting
 * Level 5.0 Necromancy


You had one spell level left.
You knew the following spells:

 Your Spells              Type           Power        Failure   Level  Hunger
a - Pain                  Necr           ###.         2%          1    #......
b - Animate Skeleton      Necr           N/A          2%          1    #......
c - Vampiric Draining     Necr           ###.......   9%          3    ###....


Dungeon Overview and Level Annotations

Branches:
Dungeon (3/15)

Altars:


Innate Abilities, Weirdness & Mutations

You are resistant to damage.
You can heal yourself by infusing magical energy.
You passively map a small area around you.
You do not regenerate.


Message History

Aiming: Vampiric Draining
Press: ? - help, Shift-Dir - straight line, f/p - gnoll
Aim: a gnoll (lightly wounded)
The gnoll is heavily wounded.
You feel life coursing into your body. The gnoll barely misses you.
The gnoll closely misses you.
Casting: Vampiric Draining
Confirm with . or Enter, or press ? or * to list all spells.
You don't have enough magic to cast that spell.
Unknown command.
You hit the gnoll but do no damage.
The gnoll is heavily wounded.
The gnoll hits you.
You hit the gnoll.
The gnoll is severely wounded.
The gnoll barely misses you. The gnoll closely misses you. The gnoll hits you.
* * * LOW HITPOINT WARNING * * *
The gnoll barely misses you. The gnoll hits you with a flail!
You die...

#.#....... .# ,
,##.#....#.##.####
,#.......#........ * **
,#..#..<......#*#. ,, ,
#............#... *
#................
#..g............. *
#..#####..##.#..........
,
.......@g...>.<......#..
##..####...)....#.......
,,......####.......### *
####.## #..#.##.# , , ,
,#.# #..#.# .# #.#
##.... ,#** #.# #####.
.# .# * * * * *


You could see 2 gnolls.

Vanquished Creatures
  A gnoll (D:2)
  A worm (D:3)
  A giant cockroach (D:1)
  5 goblins (D:1)
  8 hobgoblins (D:1)
  2 jackals (D:1)
  2 bats (D:1)
  3 frilled lizards (D:1)
  3 kobolds (D:1)
  2 rats (D:1)
28 creatures vanquished.

Vanquished Creatures (collateral kills)
  A dart slug (D:1)
  A rat (D:1)
2 creatures vanquished.

Grand Total: 30 creatures vanquished

Notes
Turn   | Place    | Note
-------+----------+-------------------------------------------
     0 | D:1      | Kohma the Deep Dwarf Necromancer began the quest for the Orb.
     0 | D:1      | Reached XP level 1. HP: 15/15 MP: 3/3
    16 | D:1      | Learned a level 1 spell: Animate Skeleton
   183 | D:1      | Reached XP level 2. HP: 22/22 MP: 0/4
   695 | D:1      | Reached XP level 3. HP: 20/28 MP: 2/6
   808 | D:1      | Learned a level 3 spell: Vampiric Draining
  1323 | D:2      | Reached skill level 5 in Necromancy
  1400 | D:2      | Slain by a gnoll

Skill      XL: |  1  2  3 |
---------------+----------+-----
Spellcasting   | 2 |  2.2
Necromancy     | 5 |  5.0
Dodging        | |  2.8
Stealth        | |  2.7

Action                   || total
-------------------------++-------
Melee: Whip              ||    37
       Dagger            ||     1
 Cast: Pain              ||    36
       Animate Skeleton  ||    11
       Vampiric Draining ||     4
 Stab: Sleeping          ||     1
  Eat: Ration            ||     1
       Chunk             ||     1
Armor: Robe              ||    17
Dodge: Dodged            ||    36
